 Dungeon Crawl Stone Soup version 0.29.0-4-gdea44cf6ec (webtiles) character file.

Game seed: 13264220373285771159

1374 qw the Cleaver (level 8, -4/48 HPs)
             Began as a Tengu Warper on Aug 28, 2022.
             Slain by a water moccasin (6 damage)
             ... on level 6 of the Dungeon.
             The game lasted 00:00:41 (5607 turns).

qw the Cleaver (Tengu Warper)                       Turns: 5607, Time: 00:00:42

Health: -4/48      AC: 14    Str: 13    XL:     8   Next: 66%
Magic:  12/12      EV:  7    Int: 14    God:
Gold:   516        SH:  9    Dex: 14    Spells: 11/11 levels left

rFire   . . .      SeeInvis .   Y - +1 war axe
rCold   . . .      Faith    .   j - +0 kite shield
rNeg    . . .      Spirit   .   a - +0 plate armour
rPois   .          Reflect  .   (helmet restricted)
rElec   .          Harm     .   k - +2 cloak
rCorr   .          Rampage  .   (no gloves)
Will    +....                   (boots unavailable)
Stlth   ..........              (no amulet)
HPRegen 0.16/turn               b - +4 ring of evasion
MPRegen 0.13/turn               e - ring of willpower

@: lethally poisoned (-4 -> -14), flying quickly and evasively, quick
A: beak, talons 3, nimble flight
a: no special abilities


You were on level 6 of the Dungeon.
You visited 2 branches of the dungeon, and saw 7 of its levels.

You collected 516 gold pieces.


Innate Abilities, Weirdness & Mutations

You have a beak for a mouth.
You have claws for feet.
Your magical nature lets you fly swiftly and evasively.


   Skills:
 - Level 4.1 Fighting
 - Level 8.3 Axes
 - Level 1.0 Throwing
 + Level 3.5 Armour
 - Level 2.1 Dodging
 - Level 5.2 Shields
 - Level 2.0 Spellcasting
 - Level 2.4 Translocations


You had 11 spell levels left.
You didn't know any spells.
Your spell library contained the following spells:

 Spells                   Type           Power      Damage    Failure   Level
 Blink                    Tloc           16%        N/A       100%        2
 Gell's Gravitas          Tloc           8%         N/A       100%        3
 Lesser Beckoning         Tloc           8%         N/A       100%        3
 Teleport Other           Tloc           8%         N/A       100%        3
 Manifold Assault         Tloc           8%         N/A       100%        5

Inventory:

Hand Weapons
 h - the +8 hammer of Eternal Vigilance {vorpal, rPois Str+3}
   (You found it on level 3 of the Dungeon)

   It inflicts extra damage upon your enemies.
   Str:       It affects your strength (+3).
   rPois:     It protects you from poison.
 Y - a +1 war axe (weapon)
Armour
 a - a +0 plate armour (worn)
 j - a +0 kite shield (worn)
 k - a +2 cloak (worn)
Jewellery
 b - a +4 ring of evasion (left hand)
 c - a ring of ice
 e - a ring of willpower (right hand)
Scrolls
 g - 2 scrolls of identify
Potions
 d - 4 potions of heal wounds
 f - 2 potions of might {unknown}
 i - a potion of curing
 l - a potion of cancellation {unknown}

Dungeon Overview and Level Annotations

Branches:
Dungeon (6/15)             Temple (1/1) D:4

Altars:
Cheibriados
Elyvilon
Kikubaaqudgha
Qazlal
Sif Muna
Trog
Uskayaw
Wu Jian
Zin

Annotations:
D:3 1 runed translucent door, Crazy Yiuf
D:5 2 runed translucent doors, qw's ghost, novice TeWr
D:6 Edmund; Pikel


Message History

The lemure hits you but does no damage. Edmund completely misses you.
The water moccasin bites you but does no damage.
The lemure hits you but does no damage. Pikel hits you but does no damage.
You block Edmund's attack.
You barely miss the water moccasin. Your kick misses the water moccasin.
Your peck misses the water moccasin.
The water moccasin is heavily wounded.
You miss the lemure. You closely miss Pikel. You hit Edmund.
The water moccasin bites you.
The water moccasin bites you but does no damage.
Pikel hits you with a +1 whip of freezing.
Pikel freezes you. Edmund hits you but does no damage. The lemure hits you.
You miss the water moccasin.
You claw the water moccasin, but do no damage.
The water moccasin is heavily wounded.
You barely miss the lemure. You hit Pikel. You hit Edmund but do no damage.
You block the water moccasin's attack. Pikel hits you but does no damage.
The lemure barely misses you.
Edmund hits you with a +0 dire flail of protection!
The water moccasin bites you!
You are lethally poisoned!
The water moccasin poisons you!
5606 ||| DRINKING 5 potions of heal wounds.
You feel much better.
You feel very sick. You block the water moccasin's attack.
Pikel closely misses you.
Edmund says, "A flail is better than a scythe, any day of the week!"
Edmund hits you with a +0 dire flail of protection.
The lemure barely misses you.
You miss the water moccasin.
You claw the water moccasin, but do no damage.
The water moccasin is heavily wounded.
You closely miss the lemure. You slash Pikel! You hit Edmund.
You feel very sick. You block the water moccasin's attack.
You block Pikel's attack.
A lemure comes into view.
The lemure closely misses you.
Edmund hits you with a +0 dire flail of protection!
The water moccasin bites you.
You die...

.....##...##...
####..........###.
.....#............
.####........#.. ..
............... ...
.............### ###...
.).............# .#...#
.)..........##.###....#
#.........#..#..@S....#
....##.#.###...K@5#...#
....##>#.# #####55# .#
.....#.#.# #..#
#..#.....# 5....
#..###.... ..###...
##.# #.... @.. ...# ##
....# .... .... .....
#.##


You could see Edmund, Pikel, a water moccasin and 4 lemures.

Vanquished Creatures
  Eustachio (D:5)
  An ice beast (D:5)
  A black bear (D:6)
  An ogre (D:5)
  A centaur (D:5)
  2 phantoms (D:5)
  2 necrophages
  2 wights (D:6)
  3 hounds
  3 orc priests
  A gnoll bouda (D:5)
  An iguana (D:5)
  An orc wizard (D:6)
  10 adders
  8 gnolls (D:5)
  2 ufetubi (D:5)
  A worm (D:4)
  2 dart slugs
  3 orcs
  10 endoplasms
  5 giant cockroaches
  4 hobgoblins
  3 jackals (D:2)
  7 quokkas
  3 ball pythons
  6 bats (D:1)
  3 frilled lizards
  7 goblins
  6 kobolds
  6 rats
106 creatures vanquished.

Vanquished Creatures (others)
  2 fungi (D:3)
  3 toadstools (D:3)
5 creatures vanquished.

Grand Total: 111 creatures vanquished

Notes
Turn   | Place    | Note
-------+----------+-------------------------------------------
     0 | D:1      | qw the Tengu Warper began the quest for the Orb.
     0 | D:1      | Reached XP level 1. HP: 12/12 MP: 4/4
     0 | D:1      | 0 ||| qw: Version: 0.1-a-89-g26bdef1
     0 | D:1      | 0 ||| qw: Game counter: 1700
     0 | D:1      | 0 ||| qw: Always use a shield: true
     0 | D:1      | 0 ||| qw: God list: Okawaru
     0 | D:1      | 0 ||| qw: Allow faded altars: false
     0 | D:1      | 0 ||| qw: Do Orc after D:15 true
     0 | D:1      | 0 ||| qw: Do second Lair branch before Depths: true
     0 | D:1      | 0 ||| qw: Lair rune preference: random
     0 | D:1      | 0 ||| qw: Plans: Normal
     0 | D:1      | 0 ||| PLANNING D:1-11
   213 | D:1      | Reached XP level 2. HP: 17/17 MP: 6/6
   255 | D:1      | Reached skill level 3 in Axes
   407 | D:1      | 407 ||| Stepping ~*~*~tactically~*~*~ (stealth).
   442 | D:1      | 442 ||| Stepping ~*~*~tactically~*~*~ (stealth).
   525 | D:1      | Reached XP level 3. HP: 18/21 MP: 7/7
   579 | D:1      | You fall into a shaft and drop 1 floor!
   582 | D:2      | 582 ||| READING scroll labelled SAUSHUJOUSH.
   583 | D:2      | 583 ||| READING 2 scrolls labelled ROFEUSKEPU.
   584 | D:2      | 584 ||| DROPPING scroll of blinking.
   884 | D:1      | Reached skill level 4 in Axes
   974 | D:1      | 974 ||| UPGRADING to +0 ring mail.
   984 | D:1      | 984 ||| DROPPING +0 leather armour.
   985 | D:1      | 985 ||| READING scroll labelled LOMNYR UGYGG.
   986 | D:1      | 986 ||| DRINKING 2 ruby potions.
   987 | D:1      | 987 ||| READING 2 scrolls of identify.
   987 | D:1      | 987 ||| IDENTIFYING lumpy cyan potion
   988 | D:1      | 988 ||| DROPPING potion of degeneration.
  1255 | D:2      | 1255 ||| Stepping ~*~*~tactically~*~*~ (stealth).
  1267 | D:2      | 1267 ||| Stepping ~*~*~tactically~*~*~ (stealth).
  1648 | D:2      | Reached XP level 4. HP: 23/26 MP: 8/8
  1680 | D:2      | 1680 ||| Stepping ~*~*~tactically~*~*~ (stealth).
  1808 | D:2      | Reached skill level 5 in Axes
  1938 | D:2      | 1938 ||| Stepping ~*~*~tactically~*~*~ (water).
  2030 | D:2      | 2030 ||| Stepping ~*~*~tactically~*~*~ (stealth).
  2055 | D:2      | 2055 ||| Stepping ~*~*~tactically~*~*~ (stealth).
  2081 | D:2      | 2081 ||| UPGRADING to +0 chain mail.
  2091 | D:2      | 2091 ||| DROPPING +0 ring mail.
  2092 | D:2      | 2092 ||| UPGRADING to +1 cloak.
  2097 | D:2      | 2097 ||| READING scroll labelled OCETHE VUEDE.
  2100 | D:2      | 2100 ||| READING scroll labelled PATOAR BIKE.
  2101 | D:2      | 2101 ||| READING scroll labelled LUZEYBIERED.
  2185 | D:3      | 2185 ||| Stepping ~*~*~tactically~*~*~ (stealth).
  2186 | D:3      | 2186 ||| Stepping ~*~*~tactically~*~*~ (stealth).
  2207 | D:3      | 2207 ||| Stepping ~*~*~tactically~*~*~ (hiding).
  2209 | D:3      | 2209 ||| Stepping ~*~*~tactically~*~*~ (hiding).
  2219 | D:3      | Gained mutation: Your magical nature lets you fly swiftly
                  | and evasively. [Tengu growth]
  2219 | D:3      | Reached XP level 5. HP: 14/30 MP: 9/9
  2374 | D:3      | 2374 ||| DROPPING +0 whip.
  2481 | D:3      | 2481 ||| Stepping ~*~*~tactically~*~*~ (stealth).
  2484 | D:3      | 2484 ||| Stepping ~*~*~tactically~*~*~ (stealth).
  2485 | D:3      | 2485 ||| Stepping ~*~*~tactically~*~*~ (stealth).
  2641 | D:3      | Found a runed translucent door.
  2641 | D:3      | Identified the +8 hammer of Eternal Vigilance {vorpal,
                  | rPois Str+3}
  2643 | D:3      | 2643 ||| DROPPING +0 flail.
  2644 | D:3      | Noticed Crazy Yiuf
  2938 | D:3      | 2938 ||| UPGRADING to +0 plate armour.
  2948 | D:3      | 2948 ||| DROPPING +0 chain mail.
  2949 | D:3      | 2949 ||| UPGRADING to +4 ring of evasion.
  2950 | D:3      | 2950 ||| READING scroll labelled YTUABEN GAANN.
  2951 | D:3      | 2951 ||| DRINKING 3 purple potions.
  2952 | D:3      | 2952 ||| DROPPING 2 potions of attraction.
  3021 | D:4      | Found an ornate altar of the Wu Jian Council.
  3024 | D:4      | 3024 ||| READING scroll of enchant armour.
  3024 | D:4      | 3024 ||| ENCHANTING +1 cloak.
  3142 | D:4      | 3142 ||| Stepping ~*~*~tactically~*~*~ (stealth).
  3196 | D:4      | 3196 ||| SWAPPING to +0 war axe.
  3221 | D:4      | 3221 ||| DROPPING +0 hand axe.
  3277 | D:4      | Found a staircase to the Ecumenical Temple.
  3278 | D:4      | 3278 ||| PLANNING TEMPLE
  3278 | D:4      | 3278 ||| UPGRADING to +0 kite shield.
  3283 | D:4      | 3283 ||| READING scroll labelled PUMNEWN FIHA.
  3284 | D:4      | 3284 ||| READING 2 scrolls of identify.
  3284 | D:4      | 3284 ||| IDENTIFYING inky potion
  3285 | D:4      | 3285 ||| DROPPING potion of ambrosia.
  3293 | Temple   | Entered the Ecumenical Temple
  3294 | Temple   | 3294 ||| READING scroll of teleportation.
  3295 | Temple   | 3295 ||| PLANNING D:1-11
  3348 | D:4      | Reached XP level 6. HP: 33/35 MP: 10/10
  3685 | D:4      | 3685 ||| READING 3 scrolls of identify.
  3685 | D:4      | 3685 ||| IDENTIFYING white potion
  3716 | D:5      | Entered Level 5 of the Dungeon
  3740 | D:5      | 3740 ||| Stepping ~*~*~tactically~*~*~ (hiding).
  3747 | D:5      | 3747 ||| Stepping ~*~*~tactically~*~*~ (stealth).
  3864 | D:5      | Reached skill level 3 in Shields
  3873 | D:5      | Reached skill level 6 in Axes
  4095 | D:5      | Noticed an ice beast
  4112 | D:5      | Killed an ice beast
  4113 | D:5      | Reached XP level 7. HP: 20/40 MP: 11/11
  4281 | D:5      | Found a runed translucent door.
  4380 | D:5      | Reached skill level 3 in Armour
  4585 | D:5      | Found a runed translucent door.
  4586 | D:5      | Noticed qw's ghost (novice TeWr)
  4661 | D:5      | Reached skill level 7 in Axes
  4689 | D:5      | Noticed Eustachio
  4691 | D:5      | 4691 ||| Stepping ~*~*~tactically~*~*~ (hiding).
  4694 | D:5      | 4694 ||| Stepping ~*~*~tactically~*~*~ (hiding).
  4706 | D:5      | Killed Eustachio
  4707 | D:5      | Reached XP level 8. HP: 45/48 MP: 12/12
  4723 | D:5      | HP: 11/48 [gnoll/+0 spear[a gnoll bouda] (6)]
  4724 | D:5      | 4724 ||| DRINKING 5 potions of heal wounds.
  5252 | D:5      | 5252 ||| UPGRADING to ring of willpower.
  5278 | D:6      | Reached skill level 8 in Axes
  5278 | D:6      | 5278 ||| STAIRDANCE
  5374 | D:6      | 5374 ||| Stepping ~*~*~tactically~*~*~ (stealth).
  5384 | D:6      | 5384 ||| Stepping ~*~*~tactically~*~*~ (hiding).
  5592 | D:6      | Noticed Edmund
  5593 | D:6      | 5593 ||| Stepping ~*~*~tactically~*~*~ (stealth).
  5597 | D:6      | Noticed Pikel
  5605 | D:6      | HP: 8/48 [Edmund/+0 dire flail of protection (13)]
  5605 | D:6      | HP: 1/48 [water moccasin (7)]
  5606 | D:6      | 5606 ||| DRINKING 5 potions of heal wounds.
  5607 | D:6      | Slain by a water moccasin

Levels and vault maps discovered:
D:1:      dpeg_arrival_boxes_within_box, layout_rooms
D:2:      layout_loops_ring, minmay_crystal_water
D:3:      layout_rooms, minmay_gold_behind_fungi, uniq_crazy_yiuf_cottage
D:4:      layout_rooms, old_standard_altar, minmay_temple_entry_glassed_door,
          grunt_ministairs_7, minivault_4
D:5:      layout_loops_ring, ebering_ghost_sewer_f, minivault_5, uniq_eustachio
D:6:      layout_rooms, minitemple, ebering_ghost_xom, serial_shops,
          nicolae_shop_bloodbath_and_beyond, uniq_pikel, uniq_edmund
Temple:   hellmonk_temple_micro_hex

Skill      XL: |  1  2  3  4  5  6  7  8 |
---------------+-------------------------+-----
Axes           | 3 4 5 6 7 8 |  8.3
Armour         | 2 3 |  3.5
Shields        | 2 4 5 |  5.2
Fighting       | 4 |  4.1
Throwing       | |  1.0
Dodging        | |  2.1
Spellcasting   | |  2.0
Translocations | |  2.4

Action                   |  1- 3 |  4- 6 |  7- 9 || total
-------------------------+-------+-------+-------++-------
Melee: Hand axe          |    96 |    92 |       ||   188
       Kick              |    17 |    43 |    32 ||    92
       Peck              |    12 |    20 |    21 ||    53
       Punch             |     1 |     1 |       ||     2
       War axe           |       |    65 |   110 ||   175
Throw: Boomerang         |     7 |       |       ||     7
  Use: Scroll            |     4 |     9 |       ||    13
       Potion            |     1 |     1 |     2 ||     4
Armor: Leather armour    |    11 |       |       ||    11
       Ring mail         |     4 |    15 |       ||    19
       Chain mail        |       |    20 |       ||    20
       Plate armour      |       |    43 |    88 ||   131
Dodge: Dodged            |    46 |    45 |    38 ||   129
Block: Kite shield       |       |    24 |    70 ||    94

Table legend:
 A = Non-vault XP
 B = Vault XP
 C = Vault XP percentage of total XP
 D = Non-vault monster count
 E = Vault monster count
 F = Vault count percentage of total count
                 A         B        C        D         E       F
            +---------+---------+-------+---------+---------+-------
      Total |    1721 |     243 |  12.4 |     103 |       3 |   2.8
            +---------+---------+-------+---------+---------+-------
        D:1 |      49 |       0 |   0.0 |      30 |       0 |   0.0
        D:2 |      84 |       0 |   0.0 |      20 |       0 |   0.0
        D:3 |     103 |       0 |   0.0 |      15 |       0 |   0.0
        D:4 |     152 |      47 |  23.6 |      10 |       2 |  16.7
        D:5 |     919 |     196 |  17.6 |      20 |       1 |   4.8
        D:6 |     414 |       0 |   0.0 |       8 |       0 |   0.0
            +---------+---------+-------+---------+---------+-------
